 Dungeon Crawl Stone Soup version 0.31.0-32-g396128a36d (webtiles) character file.

Game seed: 3534566485807622722

95 DaveFromAccounting the Chopper (level 4, -2/41 HPs)
             Began as a Minotaur Berserker on Mar 17, 2024.
             Was a Believer of Trog.
             Slain by Natasha (7 damage)
             ... on level 2 of the Dungeon.
             The game lasted 00:03:59 (1139 turns).

DaveFromAccounting the Chopper (Minotaur Berserker) Turns: 1139, Time: 00:04:00

Health: -2/41      AC:  6    Str: 24    XL:     4   Next: 40%
Magic:  3/3        EV: 10    Int:  4    God:    Trog [**....]
Gold:   68         SH:  0    Dex:  9    Spells: 3/3 levels left

rFire   . . .        a - +0 hand axe
rCold   . . .        (no shield)
rNeg    . . .        e - +0 scale mail
rPois   .            (helmet restricted)
rElec   .            (no cloak)
rCorr   .            (no gloves)
SInv    .            (no boots)
Will    .....        (no amulet) Stlth
                     (no ring)
HPRegen 0.26/turn    (no ring)
MPRegen 0.08/turn

%: no passive effects
@: slowed, very slow
A: horns 2, retaliatory headbutt
a: Renounce Religion, Berserk, Trog's Hand


You were on level 2 of the Dungeon.
You worshipped Trog.
Trog was pleased with you.
You visited 1 branch of the dungeon, and saw 2 of its levels.

You collected 68 gold pieces.

Inventory:

Hand Weapons
 a - a +0 hand axe (weapon)
Armour
 b - a +0 animal skin
 d - a +0 leather armour
 e - a +0 scale mail (worn)
Jewellery
 j - an amulet of the acrobat
Scrolls
 g - a scroll of vulnerability {unknown}
 i - a scroll of identify {unknown}
 k - a scroll of brand weapon {unknown}
 l - a scroll of poison {unknown}
Potions
 c - a potion of curing {unknown}
 f - 2 potions of lignification {unknown}
 h - 3 potions of degeneration {unknown}


   Skills:
 * Level 4.6 Fighting
 * Level 5.2 Axes
 * Level 3.0 Armour
 - Level 2.3 Dodging


You had 3 spell levels left.
You didn't know any spells.
Your spell library was empty.

Dungeon Overview and Level Annotations

Branches:
Dungeon (2/15)

Altars:

Shops:
D:1 (

Annotations:
D:2 Natasha


Innate Abilities, Weirdness & Mutations

You have a pair of horns on your head.
You reflexively headbutt those who attack you in melee.


Message History

Trog accepts your kill. The cerulean imp barely misses you.
The cerulean imp hits you but does no damage.
Natasha casts a spell at you.
You feel as though you will be slow longer.
The cerulean imp barely misses you.
The cerulean imp hits you but does no damage.
You closely miss Natasha.
Natasha is severely wounded.
Natasha barely misses you. The cerulean imp barely misses you.
The cerulean imp hits you from afar with a +0 spear.
* * * LOW HITPOINT WARNING * * *
Natasha barely misses you.
You closely miss Natasha.
Natasha is heavily wounded.
The cerulean imp hits you but does no damage.
The cerulean imp barely misses you.
Natasha mewls in sadness.
Natasha closely misses you.
The cerulean imp hits you from afar with a +0 spear.
* * * LOW HITPOINT WARNING * * *
The cerulean imp hits you but does no damage.
You closely miss Natasha. Your headbutt misses Natasha.
Natasha is heavily wounded.
You hit the adder. Natasha casts a spell at you. You resist with some effort.
The adder bites you but does no damage.
The cerulean imp hits you from afar with a +0 spear.
* * * LOW HITPOINT WARNING * * *
The cerulean imp barely misses you. The adder barely misses you.
Natasha claws you but does no damage.
The cerulean imp hits you from afar with a +0 spear.
* * * LOW HITPOINT WARNING * * *
You barely miss Natasha. Your headbutt misses Natasha.
Natasha is heavily wounded.
You completely miss the adder.
The cerulean imp hits you but does no damage.
The adder bites you but does no damage. Natasha claws you!
You die...
Natasha begins licking her fur clean.

###.......>.....##..###..........
###............###.#..........###
............÷........##.......#
.##................####.......#
.##.##.#....[................##
.##..#.#..#.........###.
..........####..........
.##...........†..S......
###........###..@h...... #
#.#...#...#.)....###..
#.#.#.#....<.##55..(#
....#......#.# .###.#
........##..... .. #
#.#......##..... ...
#...####..#..... .... ..###
...#..........


You could see Natasha, 2 cerulean imps and an adder.

Vanquished Creatures
  Natasha (twice) (D:2)
  A ribbon worm (D:2)
  A dart slug (D:2)
  A bat skeleton (D:2)
  4 endoplasms
  2 giant cockroaches (D:1)
  3 goblins (D:1)
  3 hobgoblins
  4 jackals
  A quokka (D:2)
  2 ball pythons (D:1)
  2 ball python skeletons (D:2)
  2 ball python zombies (D:2)
  A bat (D:1)
  5 frilled lizards
  5 kobolds (D:1)
  A quokka skeleton (D:2)
  A rat (D:2)
41 creatures vanquished.

Notes
Turn   | Place    | Note
-------+----------+-------------------------------------------
     0 | D:1      | DaveFromAccounting the Minotaur Berserker began the quest
                  | for the Orb.
     0 | D:1      | Reached XP level 1. HP: 19/19 MP: 0/0
   175 | D:1      | Reached XP level 2. HP: 27/27 MP: 1/1
   221 | D:1      | Reached skill level 4 in Axes
   552 | D:1      | Found Gadghui Noith's Antique Weapon Shoppe.
   871 | D:2      | Reached XP level 3. HP: 32/33 MP: 2/2
  1011 | D:2      | Noticed Natasha
  1022 | D:2      | Killed Natasha
  1023 | D:2      | Reached ** piety under Trog
  1026 | D:2      | Reached XP level 4. HP: 30/41 MP: 3/3
  1040 | D:2      | Identified the +4 dagger of Luisech {pain, ^Fragile Int+2
                  | Dex+3}
  1115 | D:2      | Noticed Natasha
  1122 | D:2      | Killed Natasha
  1123 | D:2      | Reached skill level 5 in Axes
  1128 | D:2      | Noticed Natasha
  1139 | D:2      | Slain by Natasha

Illustrated notes

Levels and vault maps discovered:
D:1:      dpeg_arrival_tiny_a, layout_basic, serial_shops, shop,
          amethyst_killhole
D:2:      layout_rooms, basic_altar, kennysheep_cross_bottleneck,
          dilly_guarded_unrand_morg

Skill      XL: |  1  2  3  4 |
---------------+-------------+-----
Axes           | 4 5 |  5.2
Fighting       | 4 |  4.6
Armour         | 3 |  3.0
Dodging        | |  2.3

Action                     |  1- 3 |  4- 6 || total
---------------------------+-------+-------++-------
  Melee: Hand axe          |    78 |    17 ||    95
         Headbutt          |    11 |     3 ||    14
         Punch             |     1 |     1 ||     2
 Armour: Animal skin       |     6 |       ||     6
         Leather armour    |     5 |       ||     5
         Scale mail        |    37 |    29 ||    66
  Dodge: Dodged            |    50 |    18 ||    68
